 Dungeon Crawl Stone Soup version 0.32-a0-909-gc671339a80 (webtiles) character file.

Game seed: 13462382659357598882

5 sleeves the Caller (level 1, 7/16 HPs)
             Began as an Armataur Summoner on Apr 6, 2024.
             Quit the game on level 1 of the Dungeon.
             The game lasted 00:00:24 (227 turns).

sleeves the Caller (Armataur Summoner)               Turns: 227, Time: 00:00:25

Health: 7/16       AC:  4    Str: 13    XL:     1   Next: 66%
Magic:  3/3        EV:  8    Int: 15    God:
Gold:   15         SH:  0    Dex: 10    Spells: 2/3 levels left

rFire   . . .        c - +0 dagger
rCold   . . .        (no shield)
rNeg    . . .        a - +0 robe
rPois   .            (no helmet)
rElec   .            (no cloak)
rCorr   .            (no gloves)
SInv    .            (no barding)
Will    .....        (no amulet)
Stlth   ++           (no ring)
HPRegen 0.22/turn    (no ring)
MPRegen 1.07/turn

%: roll
@: lethally poisoned (7 -> -11)
A: large, deformed body, tough skin 3, armoured tail, rollpage 1
a: no special abilities


You were on level 1 of the Dungeon.
You visited 1 branch of the dungeon, and saw 1 of its levels.

You collected 15 gold pieces.

Inventory:

Hand Weapons
 c - a +0 dagger (weapon)
   (You took it off a goblin on level 1 of the Dungeon)
Armour
 a - a +0 robe (worn)
Potions
 b - a potion of magic


   Skills:
 + Level 1.1 Fighting
 - Level 1.3 Dodging
 - Level 2.1 Stealth
 - Level 1.7 Spellcasting
 - Level 3.2 Summonings


You had 2 spell levels left.
You knew the following spells:

 Your Spells              Type           Power      Damage    Failure   Level
a - Summon Small Mammal   Summ           44%        N/A       6%          1

Your spell library contained the following spells:

 Spells                   Type           Power      Damage    Failure   Level
 Call Imp                 Summ           22%        N/A       9%          2
 Call Canine Familiar     Summ           11%        N/A       19%         3
 Summon Blazeheart Golem  Fire/Summ      6%         N/A       75%         4
 Summon Lightning Spire   Summ/Air       6%         N/A       75%         4


Dungeon Overview and Level Annotations

Branches:
Dungeon (1/15)

Altars:


Innate Abilities, Weirdness & Mutations

Armour fits poorly on your strangely shaped body.
You have extremely tough skin. (AC +3)
You have a long armoured tail.
You regenerate magic when rolling toward enemies. (Rampage MPRegen)


Message History

Welcome, sleeves the Armataur Summoner.
Will you be the one to retrieve the awesome Orb of Zot from the depths?
Press ? for a list of commands and other information.
Found a staircase leading out of the dungeon.
You now have 15 gold pieces.
An endoplasm comes into view.
The endoplasm quivers.
An endoplasm is nearby!
An endoplasm is nearby!
You hit the endoplasm.
The endoplasm is lightly wounded.
The endoplasm barely misses you.
You hit the endoplasm. You tail-slap the endoplasm.
You kill the endoplasm!
No target in view!
Magic restored.
You enter the shallow water.
Your rat disappears in a puff of smoke!
Found 2 stones.
You see here 2 stones.
A giant cockroach comes into view.
A giant cockroach is nearby!
You roll towards the giant cockroach!
You roll towards the giant cockroach!
The helpless giant cockroach fails to defend itself.
You hit the giant cockroach but do no damage.
The giant cockroach barely misses you.
You hit the giant cockroach.
The giant cockroach is moderately wounded.
The giant cockroach bites you. x2
You barely miss the giant cockroach.
The giant cockroach is moderately wounded.
The giant cockroach barely misses you.
You hit the giant cockroach but do no damage.
The giant cockroach closely misses you.
You closely miss the giant cockroach. The giant cockroach closely misses you.
You closely miss the giant cockroach.
The giant cockroach bites you but does no damage.
You hit the giant cockroach.
Your tail-slap misses the giant cockroach.
The giant cockroach is severely wounded.
The giant cockroach bites you but does no damage.
The giant cockroach closely misses you.
You hit the giant cockroach but do no damage.
The giant cockroach is severely wounded.
The giant cockroach bites you but does no damage.
You hit the giant cockroach but do no damage.
The giant cockroach is severely wounded.
The giant cockroach bites you but does no damage.
You closely miss the giant cockroach.
The giant cockroach is severely wounded.
The giant cockroach barely misses you.
A giant cockroach is nearby!
A giant cockroach is nearby!
You hit the giant cockroach.
You kill the giant cockroach!
No target in view!
No target in view!
No target in view!
No target in view!
No target in view!
No target in view!
A ball python comes into view.
A ball python is nearby!
The ball python hisses angrily.
You roll towards the ball python!
Found 5 stones.
You closely miss the ball python. The ball python barely misses you.
You barely miss the ball python. You tail-slap the ball python.
The ball python is heavily wounded.
The ball python closely misses you.
You hit the ball python but do no damage.
The ball python is heavily wounded.
The ball python bites you but does no damage.
You hit the ball python.
You kill the ball python!
Your Fighting skill increases to level 1!
No target in view!
No target in view!
No target in view!
No target in view!
A goblin comes into view. It is wielding a +0 dagger.
A goblin is nearby!
A goblin is nearby!
The goblin shouts!
You roll towards the goblin!
The goblin closely misses you.
You hit the goblin.
The goblin is moderately wounded.
The goblin hits you but does no damage.
You hit the goblin but do no damage.
Your tail-slap misses the goblin.
The goblin is moderately wounded.
The goblin hits you with a +0 dagger.
You hit the goblin.
You kill the goblin!
No target in view!
No target in view!
No target in view!
No target in view!
No target in view!
No target in view!
No target in view!
No target in view!
No target in view!
No target in view!
No target in view!
No target in view!
Things that are here:
a +0 dagger; a goblin corpse
c - a +0 dagger
c - a +0 dagger (weapon)
Found a kite shield.
A kobold comes into view.
It is wielding a +1 short sword of venom.
Found 10 gold pieces.
The kobold throws a stone.
The stone closely misses you.
A kobold is nearby!
You roll towards the kobold!
A bat comes into view.
Found 4 gold pieces.
A quokka comes into view.
You roll towards the kobold!
You hit the kobold.
The kobold is heavily wounded.
The kobold hits you with a +1 short sword of venom.
You barely miss the kobold.
The kobold is heavily wounded.
The kobold closely misses you. The kobold attacks as it pursues you!
The kobold hits you but does no damage.
You are poisoned.
You feel sick. The kobold attacks as it pursues you!
The kobold hits you with a +1 short sword of venom.
* * * LOW HITPOINT WARNING * * *
You are lethally poisoned!
Are you sure you want to abandon this character and quit the game? (Confirm with "yes".)

#..#.#####..#
#..#.#...#..#
#..#.#.#.#..#
#..#.#.#.#..#
#..#...#.#..## .
#..#####.#...##########..
#........#...............
#..#####.#.###...........
#..# #.#. #.@.........
#..# #.#. #..Kbr......
#.(# #.#. #...........
#..# ..#. #...........
##.# ###. #..[........
#.. ......$......
###........$..
#........... #...........


You could see a quokka, a bat and a kobold.

Vanquished Creatures
  A ball python (D:1)
  An endoplasm (D:1)
  A giant cockroach (D:1)
  A goblin (D:1)
4 creatures vanquished.

Notes
Turn   | Place    | Note
-------+----------+-------------------------------------------
     0 | D:1      | sleeves the Armataur Summoner began the quest for the Orb.
     0 | D:1      | Reached XP level 1. HP: 14/14 MP: 3/3
   181 | D:1      | Reached skill level 1 in Fighting
   226 | D:1      | HP: 7/16 [kobold/+1 short sword of venom (4)]
   227 | D:1      | Quit the game

Illustrated notes

Levels and vault maps discovered:
D:1:      spicycebolla_green_bress_n_ham_2, layout_basic, roderic_lattice_a,
          serial_bayou_pond_c

Skill      XL: |  1 |
---------------+----+-----
Fighting       | 1 |  1.1
Dodging        | |  1.3
Stealth        | |  2.1
Spellcasting   | |  1.7
Summonings     | |  3.2

Action                     || total
---------------------------++-------
  Melee: Unarmed           ||    20
         Dagger            ||     2
         Tailslap          ||     2
   Cast: Summon Small Mamm ||     1
   Stab: Sleeping          ||     1
 Armour: Robe              ||    12
  Dodge: Dodged            ||    12

Table legend: (Time is in decaauts)
 A = Elapsed time spent in this place.
 B = Non-inter-level travel time spent in this place.
 C = Inter-level travel time spent in this place.
 D = Time resting spent in this place.
 E = Time spent auto-exploring this place.
 F = Levels seen in this place.
 G = Mean time per level.
                   A        B        C        D        E       F      G
               +--------+--------+--------+--------+--------+-----+--------+
         Total |    226 |    226 |      0 |      0 |    182 |   1 |  226.0 |
       Dungeon |    226 |    226 |      0 |      0 |    182 |   1 |  226.0 |
               +--------+--------+--------+--------+--------+-----+--------+

Top non-repeatable levels by time:
     D:1: 226 daAuts
